 Dungeon Crawl Stone Soup version 0.30-a0-862-g1aabd4f9c5 (webtiles) character file.

Game seed: 17343214907444039581

989 Dittersdorf the Trooper (level 8, -2/51 HPs)
             Began as a Gargoyle Fighter on Mar 8, 2023.
             Slain by an orc
             ... wielding a +0 trident
              (6 damage)
             ... on level 4 of the Dungeon.
             The game lasted 00:09:07 (3634 turns).

Dittersdorf the Trooper (Gargoyle Fighter)          Turns: 3634, Time: 00:09:07

Health: -2/51      AC: 15    Str: 23    XL:     8   Next: 18%
Magic:  17/17      EV:  9    Int:  8    God:
Gold:   445        SH: 10    Dex:  9    Spells: 7/7 levels left

rFire   + . .      SeeInvis .    a - +0 flail (heavy)
rCold   + + .      Faith    .    c - +0 buckler
rNeg    + . .      Spirit   .    b - +0 scale mail
rPois   ∞          Reflect  +    m - +0 helmet
rElec   +          Rampage  .    u - scarf {rC+ rF+}
rCorr   .                        (no gloves)
Will    .....                    t - +0 pair of boots Stlth
                                 s - amulet of reflection
HPRegen 0.28/turn                n - ring of protection from cold
MPRegen 0.15/turn                p - ring of magical power

@: no status effects
A: sickness immunity, AC +5, negative energy resistance 1, electricity
resistance, torment resistance 1, petrification resistance
a: no special abilities


You were on level 4 of the Dungeon.
You visited 2 branches of the dungeon, and saw 8 of its levels.
You also visited: Ossuary.

You collected 445 gold pieces.

Inventory:

Hand Weapons
 a - a +0 heavy flail (weapon)
Armour
 b - a +0 scale mail (worn)
 c - a +0 buckler (worn)
 m - a +0 helmet (worn)
 t - a +0 pair of boots (worn)
 u - a scarf of resistance (worn)
 B - a +0 plate armour
Jewellery
 n - a ring of protection from cold (left hand)
 p - a ring of magical power (right hand)
 s - an amulet of reflection (around neck)
Wands
 f - a wand of flame (12)
Scrolls
 e - a scroll of fear {unknown}
 j - a scroll of butterflies {unknown}
 w - a scroll of enchant armour {unknown}
 y - a scroll of vulnerability {unknown}
 A - a scroll of enchant weapon {unknown}
Potions
 d - a potion of might
 g - a potion of ambrosia
 h - 2 potions of mutation {unknown}
 i - 3 potions of heal wounds {unknown}
 k - a potion of haste {unknown}
 l - a potion of resistance {unknown}
 o - 3 potions of flight
 q - a potion of berserk rage
 r - 3 potions of brilliance {unknown}
 v - 4 potions of curing {unknown}
 x - a potion of lignification {unknown}
 z - 2 potions of cancellation


   Skills:
 + Level 6.1 Fighting
 + Level 4.8 Maces & Flails
 + Level 6.0 Armour
 + Level 6.0 Shields


You had 7 spell levels left.
You didn't know any spells.
Your spell library was empty.

Dungeon Overview and Level Annotations

Branches:
Dungeon (7/15)             Temple (1/1) D:5         Ossuary (visited)

Altars:
Ashenzari
Cheibriados
Dithmenos
Elyvilon
Fedhas
Gozag
Hepliaklqana
Kikubaaqudgha
Makhleb
Nemelex Xobeh
Qazlal
Ru
Sif Muna
Trog
Vehumet
Wu Jian
Xom
Zin
The Shining One

Shops:
D:1 [   D:3 ?(

Annotations:
D:5 Eustachio


Innate Abilities, Weirdness & Mutations

You are immune to sickness and miasma.
Your stone body is resilient. (AC +5)
You are immune to poison.
You resist negative energy. (rN+)
You are resistant to electric shocks. (rElec)
You are resistant to unholy torment.
You are immune to petrification.


Message History

You are too injured to fight recklessly!
You are too injured to fight recklessly!
You are too injured to fight recklessly!
You are too injured to fight recklessly!
You are too injured to fight recklessly!
You are too injured to fight recklessly!
You hit the orc priest but do no damage.
The orc priest is severely wounded.
The orc hits you but does no damage. You block the goblin's attack.
You block the orc's attack.
The orc priest hits you but does no damage.
The orc hits you but does no damage.
The orc priest hits you but does no damage.
The orc hits you but does no damage. The orc barely misses you.
The goblin hits you but does no damage.
You hit the orc priest but do no damage.
The orc priest is severely wounded.
You block the orc's attack. x2; The goblin hits you but does no damage.
The orc hits you but does no damage. x2; You block the orc priest's attack.
The orc hits you with a +0 dagger.
The orc priest mumbles some strange prayers to Beogh against you.
Beogh smites you!
* * * LOW HITPOINT WARNING * * *
The orc barely misses you. The orc closely misses you.
The orc barely misses you. The goblin hits you with a +0 club.
* * * LOW HITPOINT WARNING * * *
You closely miss the orc priest.
The orc priest is severely wounded.
The orc barely misses you. You block the orc priest's attack.
You block the orc's attack. The goblin hits you with a +0 club.
* * * LOW HITPOINT WARNING * * *
The orc hits you but does no damage.
You bludgeon the orc priest!!
You kill the orc priest!
You block the orc's attack. The orc hits you but does no damage.
The goblin hits you but does no damage. You block the orc's attack.
The orc hits you but does no damage. The orc closely misses you. x2
The goblin barely misses you.
The orc hits you from afar with a +0 trident.
You die...

**######.#.......
#.#.....(. #.#.......
###########.#.......
#........##.########
********#........##.#
#
*<,,,,,,+......(....#
#
********#..o.....####
# ********#o.@o....#
# *,,,......go)....#
# *,,,(........#####
# *,,,.........# #
*,,,.......$.# *
*,,,....^....# *
*,,,.........# ****
*,,,.........# *,,,
*,,,,,,,,,,,,* *,,,


You could see 4 orcs and a goblin.

Vanquished Creatures
  Pikel (D:5)
  Edmund (D:6)
  2 lemures (Temple)
  A scorpion (D:4)
  2 orc priests
  An iguana (D:4)
  A sleepcap (D:6)
  8 mummies (Ossuary)
  A gnoll (D:1)
  4 adders
  A shadow imp (D:6)
  3 white imps
  4 worms
  3 dart slugs
  4 orcs (D:3)
  11 endoplasms
  3 giant cockroaches (D:1)
  3 gnoll zombies (Ossuary)
  8 hobgoblins
  3 jackals (D:3)
  8 kobolds
  3 quokkas
  7 ball pythons
  4 bats
  8 frilled lizards
  10 goblins
  2 hobgoblin zombies (Ossuary)
  3 kobold zombies (Ossuary)
  A quokka zombie (D:4)
  7 rats
  A rat zombie (D:4)
119 creatures vanquished.

Notes
Turn   | Place    | Note
-------+----------+-------------------------------------------
     0 | D:1      | Dittersdorf the Gargoyle Fighter began the quest for the
                  | Orb.
     0 | D:1      | Reached XP level 1. HP: 14/14 MP: 1/1
    85 | D:1      | Reached XP level 2. HP: 15/19 MP: 2/2
   282 | D:1      | Found Nuom's Armour Shop.
   394 | D:1      | Found a faded altar of an unknown god.
   423 | D:1      | Reached XP level 3. HP: 23/23 MP: 3/3
   882 | D:2      | Reached XP level 4. HP: 27/29 MP: 4/4
  1392 | D:3      | Identified the +1 robe of Dawn {rN+ Will+}
  1625 | D:3      | Found Gejuof's Antique Weapon Shop.
  1770 | D:3      | Found Apniywec's Magic Scroll Emporium.
  1776 | D:3      | Reached XP level 5. HP: 21/33 MP: 5/5
  2300 | D:4      | Reached XP level 6. HP: 37/39 MP: 6/6
  2373 | D:4      | You fall into a shaft and drop 3 floors!
  2378 | D:7      | Noticed a boulder beetle
  2383 | D:6      | Noticed Edmund
  2414 | D:6      | Killed Edmund
  2443 | D:6      | Reached skill level 5 in Fighting
  2454 | D:5      | Entered Level 5 of the Dungeon
  2457 | D:5      | Reached skill level 5 in Armour
  2463 | D:5      | Found a staircase to the Ecumenical Temple.
  2463 | D:5      | Noticed Eustachio
  2466 | D:5      | Noticed Pikel
  2473 | Temple   | Entered the Ecumenical Temple
  2591 | D:5      | Killed Pikel
  2592 | D:5      | Reached skill level 5 in Shields
  2592 | D:5      | Reached XP level 7. HP: 20/45 MP: 7/7
  2592 | D:5      | Reached XP level 8. HP: 23/51 MP: 8/8
  2656 | D:4      | Found a sand-covered staircase.
  2667 | Ossuary  | Entered an ossuary
  3634 | D:4      | Slain by an orc

Illustrated notes

Levels and vault maps discovered:
D:1:      scummos_arrival_simple_fountains, layout_loops_ring,
          ebering_ecumenical_altar_box, serial_shops,
          nicolae_shop_hallway_stairs, minmay_pentomino_q2
D:2:      layout_rooms
D:3:      layout_basic, serial_shops, nicolae_lakefront_shop, shop, minmay_puff
D:4:      layout_basic, enter_ossuary_4, uniq_blork_the_orc
D:5:      layout_basic, minmay_temple_entry_slanted, uniq_eustachio, uniq_pikel
D:6:      layout_loops_ring, amethyst_killhole, uniq_edmund
D:7:      layout_rooms, mainiacjoe_overflow_cross_hatched
Temple:   nicolae_temple_bog_church

Skill      XL: |  1  2  3  4  5  6  7  8 |
---------------+-------------------------+-----
Armour         | 4 5 6 |  6.0
Fighting       | 4 5 6 |  6.1
Shields        | 4 5 6 |  6.0
Maces & Flails | 3 4 |  4.8

Action                     |  1- 3 |  4- 6 |  7- 9 || total
---------------------------+-------+-------+-------++-------
  Melee: Flail             |   111 |   207 |    61 ||   379
    Use: Scroll            |       |     8 |     2 ||    10
 Armour: Scale mail        |    49 |   105 |    35 ||   189
  Dodge: Dodged            |    50 |    78 |    21 ||   149
  Block: Buckler           |    28 |    96 |    36 ||   160
         Reflection        |       |     5 |       ||     5

Table legend: (Time is in decaauts)
 A = Elapsed time spent in this place.
 B = Non-inter-level travel time spent in this place.
 C = Inter-level travel time spent in this place.
 D = Time resting spent in this place.
 E = Time spent auto-exploring this place.
 F = Levels seen in this place.
 G = Mean time per level.
                   A        B        C        D        E       F      G
               +--------+--------+--------+--------+--------+-----+--------+
         Total |   3809 |   3664 |    145 |    478 |   1905 |   9 |  423.2 |
       Dungeon |   2889 |   2759 |    130 |      0 |   1747 |   7 |  412.7 |
        Temple |    114 |     99 |     15 |      0 |      0 |   1 |  114.0 |
       Ossuary |    805 |    805 |      0 |    478 |    158 |   1 |  805.0 |
               +--------+--------+--------+--------+--------+-----+--------+

Top non-repeatable levels by time:
     D:3: 986 daAuts
     D:1: 849 daAuts
 Ossuary: 805 daAuts
     D:2: 520 daAuts
     D:4: 342 daAuts
  Temple: 114 daAuts
     D:6: 96 daAuts
     D:5: 87 daAuts
     D:7: 7 daAuts
